 Seeded DCSS version 0.31-a0-175-g9f7f995f2b (webtiles) character file.

Game seed: 7661172415709621334 (custom seed)

183 innerfire43 the Cutter (level 5, -9/41 HPs)
             Began as a Demonspawn Monk on June 16, 2023.
             Was an Initiate of Ashenzari.
             Killed from afar by a white imp (11 damage)
             ... with a puff of frost
             ... on level 5 of the Dungeon.
             The game lasted 00:03:31 (1993 turns).

innerfire43 the Cutter (Demonspawn Monk)            Turns: 1993, Time: 00:03:32

Health: -9/41      AC:  2    Str: 14    XL:     5   Next: 35%
Magic:  5/5        EV: 14    Int: 11    God:    Ashenzari [......]
Gold:   153        SH:  4    Dex: 21    Spells: 4/4 levels left

rFire   . . .        k - +2 dagger (drain)
rCold   . . .        d - orb {light}
rNeg    . . .        b - +0 robe
rPois   .            (helmet restricted)
rElec   .            (no cloak)
rCorr   .            (no gloves)
SInv    .            (no boots)
Will    +....        (no amulet)
Stlth   +            n - +6 ring of dexterity
HPRegen 0.26/turn    (no ring)
MPRegen 0.09/turn

%: no passive effects
@: enlightened, flying, glowing
A: antennae 1, large bone plates 1, ignite blood 1
a: Renounce Religion


You were on level 5 of the Dungeon.
You worshipped Ashenzari.
Ashenzari was noncommittal.
You visited 1 branch of the dungeon, and saw 4 of its levels.

You collected 153 gold pieces.

Inventory:

Hand Weapons
 a - a +0 short sword
 k - a +2 dagger of draining (weapon)
Armour
 b - a +0 robe (worn)
 d - an orb of light (worn)
Jewellery
 n - a +6 ring of dexterity (left hand)
Wands
 o - a wand of mindburst (9)
Scrolls
 e - 2 scrolls of identify {unknown}
 h - 2 scrolls of teleportation {unknown}
 i - 2 scrolls of noise {unknown}
 j - a scroll of revelation {unknown}
 l - a scroll of vulnerability {unknown}
 q - a scroll of immolation {unknown}
Potions
 c - a potion of ambrosia
 f - a potion of curing {unknown}
 g - a potion of enlightenment
 m - a potion of lignification {unknown}
 r - a potion of might {unknown}


   Skills:
 - Level 3.0 Fighting
 + Level 4.6 Short Blades
 + Level 3.7 Dodging
 - Level 0.2 Stealth
 * Level 1.2 Shields


You had 4 spell levels left.
You didn't know any spells.
Your spell library contained the following spells:

 Spells                   Type           Power      Damage    Failure   Level
 Cigotuvi's Dreadful Rot  Necr/Pois/Air  0%         N/A       47%         2
 Ignite Poison            Fire/Tmut/Pois 0%         N/A       71%         3
 Freezing Cloud           Conj/Ice/Air   0%         6-21      100%        5


Dungeon Overview and Level Annotations

Branches:
Dungeon (3/15)

Altars:
Ashenzari

Shops:
D:2 ??!(


Innate Abilities, Weirdness & Mutations

You have a pair of small antennae on your head.
You are partially covered in large bone plates. (SH +4)
Your demonic aura sometimes causes spilled blood to erupt in flames.


Message History

The centaur barely misses you. x2
The sleepcap releases spores at you but does no damage.
The centaur barely misses you. The centaur misses you.
You hit the sleepcap. You drain the sleepcap.
The sleepcap is heavily damaged.
The centaur barely misses you.
The centaur kicks you but does no damage.
The sleepcap closely misses you.
You hit the sleepcap but do no damage.
The sleepcap is heavily damaged.
The centaur barely misses you.
The centaur kicks you but does no damage.
You hit the sleepcap but do no damage.
The sleepcap is heavily damaged.
The centaur hits you.
* * * LOW HITPOINT WARNING * * *
The centaur kicks you but does no damage.
The sleepcap closely misses you.
You hit the sleepcap.
The sleepcap is heavily damaged.
You block the centaur's attack. The centaur kicks you.
* * * LOW HITPOINT WARNING * * *
The sleepcap closely misses you.
You hit the sleepcap. You drain the sleepcap.
The sleepcap is severely damaged.
The centaur hits you but does no damage.
The centaur kicks you.
* * * LOW HITPOINT WARNING * * *
You block the sleepcap's attack. The centaur closely misses you.
The centaur kicks you but does no damage.
You hit the sleepcap. You drain the sleepcap.
You destroy the sleepcap!
The centaur completely misses you. The centaur misses you.
It was a potion of enlightenment.
You feel very buoyant.
You fly up into the air.
The centaur barely misses you. The centaur kicks you.
* * * LOW HITPOINT WARNING * * *
The white imp gestures at you. The puff of frost hits you!
You die...

#.#....#
#######.#.#..###
...............#
######.#.#.####
#.#.#.# #.#.#.#
#.#.#.#
.#..#######.#.#.#
......†...5@..#.#
.....#####c####.#
#.. #... #.# #
........
....?....
####.####. .# .#


You could see a centaur and a white imp.

Vanquished Creatures
  A jelly (D:5)
  An iguana (D:5)
  2 sleepcaps
  An adder (D:2)
  2 worms
  2 dart slugs (D:1)
  A bat (D:1)
  3 endoplasms
  2 giant cockroaches
  9 hobgoblins
  2 jackals (D:3)
  5 kobolds
  3 quokkas (D:1)
  6 ball pythons
  4 frilled lizards
  10 goblins
  3 rats
57 creatures vanquished.

Notes
Turn   | Place    | Note
-------+----------+-------------------------------------------
     0 | D:1      | innerfire43 the Demonspawn Monk began the quest for the
                  | Orb.
     0 | D:1      | Reached XP level 1. HP: 18/18 MP: 1/1
   186 | D:1      | Gained mutation: You are partially covered in large bone
                  | plates. (SH +4) [demonic ancestry]
   186 | D:1      | Reached XP level 2. HP: 20/24 MP: 2/2
   198 | D:1      | Reached skill level 3 in Short Blades
   523 | D:1      | Reached XP level 3. HP: 10/29 MP: 3/3
   953 | D:2      | Found Wedoer's Distillery.
  1264 | D:2      | Found Deeti's Magic Scroll Emporium.
  1358 | D:2      | Found Wifimure's Magic Scroll Boutique.
  1478 | D:2      | Found Nauly's Antique Weapon Emporium.
  1731 | D:3      | Gained mutation: Your demonic aura sometimes causes spilled
                  | blood to erupt in flames. [demonic ancestry]
  1731 | D:3      | Reached XP level 4. HP: 35/35 MP: 4/4
  1790 | D:3      | Reached skill level 4 in Short Blades
  1898 | D:3      | Found a faded altar of an unknown god.
  1908 | D:3      | Prayed at the altar of an unknown god.
  1908 | D:3      | Became a worshipper of Ashenzari the Shackled
  1920 | D:3      | You fall into a shaft and drop 2 floors!
  1920 | D:5      | Entered Level 5 of the Dungeon
  1930 | D:5      | Reached skill level 1 in Shields
  1974 | D:5      | Noticed a centaur
  1981 | D:5      | Gained mutation: You have a pair of small antennae on your
                  | head. [demonic ancestry]
  1981 | D:5      | Reached XP level 5. HP: 24/41 MP: 5/5
  1993 | D:5      | HP: 2/41 [centaur (3)]
  1993 | D:5      | Killed from afar by a white imp

Illustrated notes

Levels and vault maps discovered:
D:1:      lemuel_arrival_hallway, layout_loops_ring, hangedman_decor_push,
          minivault_26
D:2:      layout_basic, serial_shops, shop, nicolae_shop_back_alley_shop, shop,
          shop, corexii_hall_statues_i, st_stairs_13
D:3:      layout_loops_ring, ashenzari_conservatory_becter, serial_shops, shop,
          chequers_ecumenical_altar_simple_redux, serial_bayou_ford_a
D:5:      layout_basic, mainiacjoe_overflow_small_starburst,
          mainiacjoe_overflow_catwalk

Skill      XL: |  1  2  3  4 |
---------------+-------------+-----
Dodging        | 3 |  3.7
Short Blades   | 3 4 |  4.6
Shields        | 1 |  1.2
Fighting       | |  3.0
Stealth        | |  0.2

Action                     |  1- 3 |  4- 6 || total
---------------------------+-------+-------++-------
  Melee: Short sword       |   120 |       ||   120
         Dagger            |    19 |    36 ||    55
 Invoke: Curse Item        |       |     1 ||     1
    Use: Potion            |       |     1 ||     1
 Armour: Robe              |    21 |     8 ||    29
  Dodge: Dodged            |    97 |    36 ||   133
  Block: Orb               |    16 |     7 ||    23

Table legend: (Time is in decaauts)
 A = Elapsed time spent in this place.
 B = Non-inter-level travel time spent in this place.
 C = Inter-level travel time spent in this place.
 D = Time resting spent in this place.
 E = Time spent auto-exploring this place.
 F = Levels seen in this place.
 G = Mean time per level.
                   A        B        C        D        E       F      G
               +--------+--------+--------+--------+--------+-----+--------+
         Total |   1962 |   1903 |     59 |      0 |   1537 |   4 |  490.5 |
       Dungeon |   1962 |   1903 |     59 |      0 |   1537 |   4 |  490.5 |
               +--------+--------+--------+--------+--------+-----+--------+

Top non-repeatable levels by time:
     D:1: 937 daAuts
     D:2: 747 daAuts
     D:3: 208 daAuts
     D:5: 69 daAuts
